AoeStats
← Zoraxx

Arena

505912379Analyzed
3v3 RM · 20d ago on Sep 11, 2026· 69m 56s· 6 players
Game mode
Random Map
Map size
Normal (6 player)
Population
200
Speed
Normal
Resources
Standard
Victory
Conquest
Starting age
Dark Age
Ending age
Imperial Age
RankedLock teamsTeams togetherTeam positionsShared explorationLock speedFull tech treeHidden civsTurbo modeCheats
Victory
Defeat
🇫🇮 Malay · Finland
1183
+14
🇹🇷 Persians · Türkiye
1175
+15
🇫🇮 Armenians · Finland
1165
+15
🇩🇪 Vietnamese · Germany
1188
-16
🇩🇪 Teutons · Germany
1159
-15
🇩🇪 Bohemians · Germany
1093
-13
Sulpog
10:43 Feudal Age
14:36 Castle Age
13:11 Double-Bit Axe
13:40 Loom
15:31 Bow Saw
18:50 Horse Collar
21:21 Heavy Plow
24:36 Scale Mail Armor
28:09 Forging
28:15 Chain Mail Armor
29:49 Stone Mining
31:11 Iron Casting
33:37 Imperial Age
31:27 Man-at-Arms
31:53 Gambesons
32:22 Long Swordsman
33:38 Two-Handed Swordsman
34:22 Squires
36:27 Pikeman
36:54 Champion
38:29 Halberdier
41:36 Blast Furnace
42:48 Crop Rotation
43:15 Conscription
46:54 Plate Mail Armor
49:16 Wheelbarrow
49:26 Scale Barding Armor
51:21 Two-Man Saw
50:41 Hand Cart
50:19 Capped Ram
52:11 Fortified Wall
52:24 Elite Teutonic Knight
53:18 Gold Mining
54:04 Stone Shaft Mining
57:34 Caravan
64:08 Siege Engineers
65:04 Chemistry
Zoraxx
11:46 Feudal Age
15:37 Castle Age
13:49 Double-Bit Axe
15:54 Horse Collar
17:49 Heavy Plow
25:59 Imperial Age
24:37 Fortified Wall
25:47 Bow Saw
25:42 Fletching
27:23 Chemistry
32:02 Two-Man Saw
32:25 Ballistics
34:15 Forging
34:05 Scale Mail Armor
34:21 Pikeman
35:02 Squires
37:54 Wheelbarrow
37:46 Halberdier
39:57 Iron Casting
43:19 Chain Mail Armor
47:09 Onager
49:21 Elite Hussite Wagon
58:04 Hand Cart
Cheriten
10:51 Feudal Age
10:02 Loom
14:56 Castle Age
13:19 Double-Bit Axe
13:54 Horse Collar
16:19 Bow Saw
21:40 Heavy Plow
22:43 Husbandry
24:53 Wheelbarrow
26:05 Scale Barding Armor
26:11 Forging
26:57 Bloodlines
27:43 Hand Cart
27:34 Town Watch
29:10 Chain Barding Armor
33:29 Imperial Age
32:07 Town Patrol
31:59 Gold Mining
32:01 Stone Mining
33:19 Iron Casting
33:29 Stone Shaft Mining
32:35 Pikeman
32:41 Pikeman
33:22 Squires
33:23 Scale Mail Armor
33:08 Light Cavalry
35:07 Elite Battle Elephant
37:18 Crop Rotation
38:05 Plate Barding Armor
41:01 Chemistry
40:57 Chatras
41:51 Fletching
42:03 Padded Archer Armor
42:26 Ballistics
42:29 Siege Engineers
41:53 Elite Skirmisher
42:31 Bodkin Arrow
43:03 Thumb Ring
43:34 Imperial Skirmisher
44:31 Bracer
44:47 Leather Archer Armor
48:13 Ring Archer Armor
47:59 Chain Mail Armor
47:29 Halberdier
52:22 Two-Man Saw
52:13 Plate Mail Armor
62:39 Elite Fire Lancer
64:16 Paper Money
66:20 Murder Holes
TFS|Nappa
9:17 Feudal Age
8:56 Double-Bit Axe
9:17 Horse Collar
17:19 Castle Age
18:04 Wheelbarrow
21:57 Imperial Age
20:45 Bow Saw
20:26 Gold Mining
23:21 Chemistry
25:37 Pikeman
26:18 Squires
emre_gul19
8:11 Feudal Age
7:59 Loom
8:44 Double-Bit Axe
10:14 Wheelbarrow
17:01 Castle Age
15:41 Stone Mining
16:13 Horse Collar
17:43 Bow Saw
17:54 Heavy Plow
23:43 Gold Mining
24:41 Hand Cart
24:37 Town Watch
24:44 Gold Mining
26:20 Gold Shaft Mining
27:11 Scale Barding Armor
27:58 Stone Shaft Mining
28:29 Forging
29:57 Iron Casting
29:25 Husbandry
30:09 Chain Barding Armor
30:21 Bloodlines
31:16 Padded Archer Armor
31:06 Fletching
31:19 Kamandaran
32:26 Thumb Ring
32:47 Bodkin Arrow
33:07 Leather Archer Armor
33:12 Town Patrol
33:45 Ballistics
32:47 Crossbowman
36:01 Light Cavalry
40:13 Imperial Age
40:16 Elite War Elephant
41:08 Hussar
42:56 Chemistry
43:14 Conscription
43:37 Ring Archer Armor
43:43 Plate Barding Armor
45:23 Two-Man Saw
44:54 Crop Rotation
64:16 Blast Furnace
Wickerman313
10:30 Feudal Age
15:19 Castle Age
13:29 Loom
13:43 Double-Bit Axe
13:42 Horse Collar
18:52 Wheelbarrow
22:57 Fletching
24:54 Bodkin Arrow
25:54 Padded Archer Armor
31:30 Imperial Age
30:30 Man-at-Arms
31:41 Leather Archer Armor
31:37 Forging
31:28 Scale Mail Armor
31:47 Hand Cart
31:41 Long Swordsman
32:33 Pikeman
35:02 Chain Mail Armor
34:10 Two-Handed Swordsman
40:01 Plate Mail Armor
39:58 Halberdier
45:04 Iron Casting
44:50 Heavy Plow
44:45 Gold Mining
46:27 Bracer
47:30 Blast Furnace
47:11 Gambesons
47:47 Champion
49:58 Fereters
52:05 Squires
55:39 Conscription
59:01 Ring Archer Armor
58:44 Capped Ram
60:09 Bow Saw
Connection lost

Rejoining the realm…

Still unreachable

The connection could not be restored.

Session expired

The server has moved on; the page needs a fresh start.